 Dungeon Crawl Stone Soup version 0.17-a0-1450-g7e755d1 (webtiles) character file.

36 Fizybubbleh the Grave Robber (level 3, 24/24 HPs)
             Began as a Mummy Necromancer on June 30, 2015.
             Quit the game on level 2 of the Dungeon.
             The game lasted 00:05:15 (977 turns).

Fizybubbleh the Grave Robber (Mummy Necromancer)     Turns: 977, Time: 00:05:15

Health: 24/24      AC:  2    Str: 11    XL:     3   Next: 19%
Magic:  5/6        EV: 12    Int: 15    God:
Gold:   54         SH:  0    Dex: 12    Spells: 2 memorised, 4 levels left

rFire  x . .     SeeInvis .     g - +0 spear
rCold  + . .     Clarity  .     a - +0 robe
rNeg   + + +     SustAt   .     (no shield)
rPois  ∞         Gourm    .     (no helmet)
rElec  .         Spirit   .     (no cloak)
rCorr  .         Warding  .     (no gloves)
rMut   .         Stasis   .     (no boots)
MR     .....                    (no amulet)
Stlth  ++........               (no ring)
                                (no ring)

@: not resistant to hostile enchantments, unstealthy
A: no food or potions, fire vulnerability, cold resistance 1, negative energy
resistance 3, torment resistance, unbreathing
a: no special abilities


You were on level 2 of the Dungeon.
You were not hungry.

You visited 1 branch of the dungeon, and saw 2 of its levels.

You collected 54 gold pieces.

Inventory:

Hand weapons
 g - a +0 spear (weapon)
Missiles
 j - 17 stones (quivered)
Armour
 a - a +0 robe (worn)
Jewellery
 h - an uncursed ring of stealth {unknown}
 i - an uncursed amulet of stasis {unknown}
Scrolls
 c - a scroll of amnesia {unknown}
 d - a scroll of enchant weapon {unknown}
 e - a scroll of blinking {unknown}
 f - 4 scrolls of identify {unknown}
Books
 b - a book of Necromancy

   Spells                             Type                      Level
   a - Pain                           Necromancy                   1
   b - Animate Skeleton               Necromancy                   1
   c - Vampiric Draining              Necromancy                   3
   d - Regeneration                   Charms/Necromancy            3
   e - Animate Dead                   Necromancy                   4
   f - Control Undead                 Necromancy                   4


   Skills:
 - Level 1.5 Dodging
 - Level 1.5 Stealth
 - Level 2.0 Spellcasting
 + Level 5.1 Necromancy


You had 4 spell levels left.
You knew the following spells:

 Your Spells              Type           Power        Failure   Level  Hunger
a - Pain                  Necr           ###.         2%          1    N/A
b - Animate Skeleton      Necr           N/A          2%          1    N/A

Dungeon Overview and Level Annotations

Branches:
Dungeon (2/15)

Altars:
Cheibriados


Innate Abilities, Weirdness & Mutations

You do not eat or drink.
Your flesh is vulnerable to fire.
You are immune to poison.
Your flesh is cold resistant.
You are immune to negative energy.
You are immune to unholy pain and torment.
You can survive without breathing.


Message History

Aim: an adder (moderately wounded, chance to defeat MR: 80%)
The adder convulses in agony!
The adder bites you. The adder bites you but does no damage.
You take 2 damage, and have 17/19 hp.
You now have 2/5 mp.
Aim: an adder (almost dead, chance to defeat MR: 80%)
The adder convulses in agony!
You kill the adder!
Your Necromancy skill increases to level 5!
You have reached level 3!
Your experience leads to an increase in your attributes!
Increase (S)trength, (I)ntelligence, or (D)exterity?
You feel clever.
You regained 4 hp, and now have 21/24 hp.
You now have 1/6 mp.
You start resting.
Health restored: 24 You regained 4 mp, and now have 5/6 mp.
You see here a hand axe.
Quiver which item? (- for none, * to show all) (? for menu, Esc to quit)
Okay, then.

###########
#.........#
#)#######.#
#@#..>†..<#
#.#.#####.#
#.#.# #.#
#.#.#####.#
#.#.......#
#.#########
#.. ###


There were no monsters in sight!

Vanquished Creatures
  2 adders (D:2)
  A giant gecko (D:1)
  A ball python (D:1)
  2 giant cockroaches (D:1)
  A goblin (D:2)
  4 bats
  2 giant newts (D:1)
  2 kobolds (D:1)
  3 rats (D:1)
18 creatures vanquished.

Vanquished Creatures (collateral kills)
  2 rats (D:1)
2 creatures vanquished.

Grand Total: 20 creatures vanquished

Notes
Turn   | Place    | Note
--------------------------------------------------------------
     0 | D:1      | Fizybubbleh the Mummy Necromancer began the quest for the Orb.
     0 | D:1      | Reached XP level 1. HP: 13/13 MP: 3/3
   120 | D:1      | Learned a level 1 spell: Animate Skeleton
   255 | D:1      | Reached XP level 2. HP: 19/19 MP: 5/5
   340 | D:1      | Found a snail-covered altar of Cheibriados.
   937 | D:2      | Reached skill level 5 in Necromancy
   937 | D:2      | Reached XP level 3. HP: 21/24 MP: 1/6
   977 | D:2      | Quit the game

Vault maps used:
D:1:      denvon_arrival_planthouse, hangedman_decor_clover_reticule,
          cheibriados_altar_1
D:2:      lemuel_crystal_altar, nicolae_ru_great_annihilating_truth

Action                   || total
-------------------------++-------
Melee: Spear             ||    19
 Cast: Pain              ||    25
       Animate Skeleton  ||     6
